[ AOE2 MATCH · #495349665 ]
UnrankedMalay vs Ethiopians
Player's team · LOSS
Rival team · WIN
[ REPLAY ANALYSIS · EXTRACTED FROM THE RECORDED GAME ]
Feudal
10:25
Castle
22:22
Imperial
—
| APM avg | 65.2 |
| APM peak | 101 |
| eAPM avg | 31.0 |
| Villagers / military | 110 / 73 |
Focus
⚔️ 35.9% · 🌾 64.1%
Archer ×46 · Mangonel ×15 · Skirmisher ×8 · Battle Elephant ×4
Feudal
8:39
Castle
23:13
Imperial
—
| APM avg | 59.1 |
| APM peak | 98 |
| eAPM avg | 27.5 |
| Villagers / military | 67 / 68 |
Focus
⚔️ 34.2% · 🌾 65.8%
Archer ×46 · Skirmisher ×9 · Mangonel ×5 · Monk ×3 · Militia ×3 · Spearman ×2
Match map
Initial resources + every placement click. Lines = walls · curves = elevation contours. ◆ gold · ⬟ stone · ● berries · ✦ relic · ◌ wall gap
Your base· Open — 2t gap
avlid's base· Open — 3t gap
Smoothed initial terrain · ◌ = detected wall gap · hover for details
Inputs per minute
— Cattana - - avlid
Build order — Cattana
First 150 of 274 actions detected
| 0:04 | Build | Town Center |
| 1:07 | Queue | Villager (Male) |
| 1:08 | Queue | Villager (Male) |
| 1:08 | Queue | Villager (Male) |
| 1:08 | Queue | Villager (Male) |
| 1:08 | Queue | Villager (Male) |
| 1:09 | Queue | Villager (Male) |
| 1:44 | Queue | Villager (Male) |
| 2:23 | Build | Lumber Camp |
| 2:28 | Queue | Villager (Male) |
| 2:34 | Queue | Villager (Male) |
| 3:16 | Queue | Villager (Male) |
| 3:28 | Queue | Villager (Male) |
| 4:11 | Queue | Villager (Male) |
| 4:12 | Queue | Villager (Male) |
| 4:12 | Queue | Villager (Male) |
| 5:13 | Queue | Villager (Male) |
| 5:21 | Build | Mining Camp |
| 5:29 | Build | House |
| 5:31 | Build | Palisade Wall |
| 5:33 | Build | Palisade Wall |
| 5:35 | Build | House |
| 5:37 | Build | House |
| 5:38 | Build | Palisade Wall |
| 5:47 | Queue | Villager (Male) |
| 5:50 | Queue | Villager (Male) |
| 6:09 | Build | House |
| 6:11 | Queue | Villager (Male) |
| 6:23 | Queue | Villager (Male) |
| 6:25 | Queue | Villager (Male) |
| 7:07 | Build | Barracks |
| 7:43 | Queue | Villager (Male) |
| 8:05 | Queue | Villager (Male) |
| 8:06 | Research | Feudal Age |
| 8:18 | Build | Lumber Camp |
| 8:29 | Research | Loom |
| 8:29 | Queue | Villager (Male) |
| 8:35 | Build | Palisade Wall |
| 8:37 | Build | Palisade Wall |
| 8:46 | Research | Feudal Age |
| 8:46 | Research | Feudal Age |
| 8:53 | Build | Palisade Wall |
| 9:28 | Queue | Villager (Male) |
| 10:25 | Age | Feudal Age |
| 10:28 | Build | Archery Range |
| 11:06 | Queue | Villager (Male) |
| 11:06 | Queue | Villager (Male) |
| 11:06 | Queue | Villager (Male) |
| 11:22 | Build | Archery Range |
| 11:23 | Queue | Villager (Male) |
| 11:46 | Build | House |
| 11:48 | Research | Double-Bit Axe |
| 11:54 | Build | Blacksmith |
| 11:59 | Queue | Villager (Male) |
| 12:16 | Queue | Villager (Male) |
| 12:27 | Queue | Skirmisher |
| 12:27 | Queue | Skirmisher |
| 12:30 | Queue | Villager (Male) |
| 12:33 | Build | House |
| 12:48 | Build | Mill |
| 13:00 | Queue | Skirmisher |
| 13:01 | Queue | Villager (Male) |
| 13:03 | Research | Padded Archer Armor |
| 13:03 | Research | Padded Archer Armor |
| 13:15 | Queue | Villager (Male) |
| 13:25 | Build | Archery Range |
| 13:30 | Build | House |
| 13:31 | Queue | Skirmisher |
| 13:32 | Queue | Villager (Male) |
| 13:42 | Queue | Skirmisher |
| 13:42 | Queue | Villager (Male) |
| 13:49 | Build | Farm |
| 13:50 | Build | Farm |
| 13:50 | Build | Farm |
| 13:50 | Build | Farm |
| 13:50 | Build | Farm |
| 13:50 | Build | Farm |
| 13:51 | Build | Farm |
| 13:51 | Build | Farm |
| 13:51 | Build | Farm |
| 14:05 | Build | Farm |
| 14:10 | Build | Farm |
| 14:15 | Queue | Archer |
| 14:15 | Queue | Archer |
| 14:16 | Queue | Archer |
| 14:22 | Research | Fletching |
| 14:24 | Build | Farm |
| 14:28 | Queue | Archer |
| 14:29 | Queue | Archer |
| 14:37 | Build | House |
| 14:38 | Queue | Skirmisher |
| 14:56 | Build | Farm |
| 14:58 | Queue | Skirmisher |
| 15:01 | Build | House |
| 15:05 | Build | House |
| 15:13 | Build | Palisade Wall |
| 15:21 | Queue | Villager (Male) |
| 15:21 | Queue | Archer |
| 15:31 | Queue | Villager (Male) |
| 15:35 | Build | House |
| 15:36 | Build | Palisade Wall |
| 15:37 | Build | Palisade Wall |
| 15:41 | Queue | Villager (Male) |
| 15:48 | Build | House |
| 16:01 | Queue | Villager (Male) |
| 16:05 | Build | Farm |
| 16:11 | Queue | Villager (Male) |
| 16:12 | Queue | Archer |
| 16:12 | Queue | Archer |
| 16:12 | Queue | Archer |
| 16:13 | Queue | Archer |
| 16:13 | Queue | Archer |
| 16:25 | Build | Farm |
| 16:28 | Build | Farm |
| 16:34 | Queue | Villager (Male) |
| 16:53 | Queue | Skirmisher |
| 16:55 | Queue | Archer |
| 16:55 | Queue | Villager (Male) |
| 16:56 | Build | Farm |
| 17:11 | Build | Market |
| 17:35 | Queue | Archer |
| 17:38 | Queue | Villager (Male) |
| 17:39 | Queue | Archer |
| 17:39 | Queue | Villager (Male) |
| 17:45 | Queue | Villager (Male) |
| 17:51 | Queue | Villager (Male) |
| 18:07 | Queue | Villager (Male) |
| 18:15 | Queue | Villager (Male) |
| 18:30 | Queue | Villager (Male) |
| 18:32 | Queue | Villager (Male) |
| 18:45 | Queue | Villager (Male) |
| 18:57 | Queue | Villager (Male) |
| 18:58 | Queue | Archer |
| 18:58 | Queue | Archer |
| 19:24 | Queue | Archer |
| 19:24 | Queue | Archer |
| 19:24 | Queue | Villager (Male) |
| 19:42 | Queue | Archer |
| 19:51 | Queue | Villager (Male) |
| 19:59 | Queue | Villager (Male) |
| 20:01 | Queue | Archer |
| 20:01 | Queue | Archer |
| 20:14 | Queue | Villager (Male) |
| 20:19 | Queue | Villager (Male) |
| 20:21 | Queue | Villager (Male) |
| 20:23 | Queue | Villager (Male) |
| 20:33 | Build | Farm |
| 20:42 | Research | Castle Age |
| 20:43 | Research | Castle Age |
| 20:46 | Queue | Archer |
Build order — avlid
First 150 of 231 actions detected
| 0:02 | Build | Town Center |
| 1:03 | Queue | Villager (Male) |
| 1:04 | Queue | Villager (Male) |
| 1:04 | Queue | Villager (Male) |
| 1:04 | Queue | Villager (Male) |
| 1:21 | Build | House |
| 2:08 | Queue | Villager (Male) |
| 2:08 | Queue | Villager (Male) |
| 2:34 | Build | Lumber Camp |
| 2:52 | Queue | Villager (Male) |
| 3:22 | Queue | Villager (Male) |
| 3:23 | Queue | Villager (Male) |
| 3:34 | Queue | Villager (Male) |
| 4:00 | Queue | Villager (Male) |
| 4:00 | Queue | Villager (Male) |
| 4:26 | Build | Mill |
| 5:25 | Queue | Villager (Male) |
| 5:26 | Research | Loom |
| 6:21 | Research | Feudal Age |
| 6:21 | Research | Feudal Age |
| 7:04 | Build | Barracks |
| 7:09 | Build | House |
| 7:10 | Build | Palisade Wall |
| 7:38 | Build | House |
| 7:44 | Queue | Villager (Male) |
| 8:05 | Build | Palisade Wall |
| 8:21 | Build | House |
| 8:23 | Build | Palisade Wall |
| 8:23 | Build | Palisade Wall |
| 8:25 | Build | Palisade Wall |
| 8:39 | Age | Feudal Age |
| 8:39 | Queue | Spearman |
| 8:42 | Build | Archery Range |
| 8:46 | Research | Double-Bit Axe |
| 8:48 | Build | House |
| 8:50 | Build | Palisade Wall |
| 8:56 | Queue | Villager (Male) |
| 9:08 | Build | Mining Camp |
| 9:20 | Queue | Villager (Male) |
| 9:31 | Queue | Archer |
| 9:33 | Queue | Villager (Male) |
| 9:40 | Build | Palisade Wall |
| 9:45 | Queue | Archer |
| 10:08 | Queue | Archer |
| 10:12 | Queue | Villager (Male) |
| 10:18 | Build | Blacksmith |
| 10:42 | Queue | Villager (Male) |
| 10:43 | Queue | Archer |
| 11:03 | Queue | Archer |
| 11:09 | Queue | Villager (Male) |
| 11:26 | Queue | Villager (Male) |
| 11:35 | Research | Fletching |
| 11:46 | Build | Mill |
| 11:52 | Queue | Villager (Male) |
| 12:08 | Queue | Archer |
| 12:13 | Queue | Villager (Male) |
| 12:20 | Queue | Archer |
| 12:25 | Queue | Villager (Male) |
| 12:30 | Queue | Militia |
| 12:38 | Queue | Villager (Male) |
| 12:42 | Queue | Militia |
| 12:44 | Build | Market |
| 13:13 | Queue | Villager (Male) |
| 13:24 | Queue | Archer |
| 13:29 | Build | House |
| 13:47 | Queue | Militia |
| 13:52 | Queue | Villager (Male) |
| 14:08 | Queue | Villager (Male) |
| 14:14 | Research | Man-at-Arms (upgrade) |
| 14:18 | Build | House |
| 14:20 | Build | House |
| 14:32 | Build | House |
| 14:35 | Build | Archery Range |
| 14:41 | Research | Padded Archer Armor |
| 14:42 | Queue | Villager (Male) |
| 14:57 | Queue | Archer |
| 14:58 | Queue | Archer |
| 14:58 | Queue | Archer |
| 14:58 | Queue | Archer |
| 15:01 | Build | Farm |
| 15:02 | Build | Farm |
| 15:02 | Build | Farm |
| 15:02 | Build | Farm |
| 15:02 | Build | Farm |
| 15:07 | Queue | Archer |
| 15:26 | Research | Scale Mail Armor |
| 15:42 | Queue | Archer |
| 15:42 | Queue | Archer |
| 15:44 | Build | Mill |
| 15:55 | Queue | Villager (Male) |
| 15:56 | Queue | Villager (Male) |
| 16:01 | Queue | Archer |
| 16:02 | Queue | Archer |
| 16:07 | Queue | Villager (Male) |
| 16:19 | Queue | Archer |
| 16:19 | Queue | Archer |
| 16:22 | Queue | Skirmisher |
| 16:22 | Queue | Skirmisher |
| 16:23 | Queue | Villager (Male) |
| 16:41 | Queue | Villager (Male) |
| 16:56 | Queue | Skirmisher |
| 16:56 | Queue | Villager (Male) |
| 17:00 | Build | Watch Tower |
| 17:09 | Queue | Villager (Male) |
| 17:11 | Build | Farm |
| 17:11 | Build | Farm |
| 17:11 | Build | Farm |
| 17:12 | Build | Farm |
| 17:36 | Queue | Skirmisher |
| 17:36 | Queue | Skirmisher |
| 17:57 | Research | Wheelbarrow |
| 18:00 | Queue | Villager (Male) |
| 18:05 | Build | Mining Camp |
| 18:39 | Queue | Archer |
| 18:39 | Queue | Archer |
| 18:55 | Queue | Skirmisher |
| 18:55 | Queue | Skirmisher |
| 19:10 | Build | Palisade Wall |
| 19:12 | Build | Palisade Wall |
| 19:32 | Queue | Archer |
| 19:32 | Queue | Archer |
| 19:35 | Queue | Spearman |
| 19:42 | Queue | Villager (Male) |
| 19:42 | Queue | Villager (Male) |
| 19:50 | Queue | Skirmisher |
| 19:50 | Queue | Skirmisher |
| 20:33 | Research | Castle Age |
| 20:39 | Queue | Archer |
| 20:45 | Build | Watch Tower |
| 20:59 | Queue | Archer |
| 20:59 | Queue | Archer |
| 21:12 | Research | Horse Collar |
| 21:15 | Research | Gold Mining |
| 21:17 | Queue | Archer |
| 21:17 | Queue | Archer |
| 21:37 | Build | Outpost |
| 21:39 | Build | Outpost |
| 21:40 | Build | Outpost |
| 21:41 | Build | Outpost |
| 21:55 | Queue | Archer |
| 21:55 | Queue | Archer |
| 22:26 | Queue | Villager (Male) |
| 22:46 | Queue | Archer |
| 22:52 | Build | Watch Tower |
| 22:55 | Build | House |
| 23:00 | Build | House |
| 23:02 | Build | House |
| 23:05 | Queue | Archer |
| 23:05 | Queue | Archer |
| 23:11 | Build | House |
Match timeline
| 5:31 | Cattana · wall_segment Palisade Wall x5 |
| 5:33 | Cattana · wall_segment Palisade Wall x1 |
| 5:38 | Cattana · wall_segment Palisade Wall x1 |
| 7:04 | avlid · first_building Barracks |
| 7:07 | Cattana · first_building Barracks |
| 7:10 | avlid · wall_segment Palisade Wall x2 |
| 8:05 | avlid · wall_segment Palisade Wall x1 |
| 8:23 | avlid · wall_segment Palisade Wall x1 |
| 8:23 | avlid · wall_segment Palisade Wall x1 |
| 8:25 | avlid · wall_segment Palisade Wall x6 |
| 8:35 | Cattana · wall_segment Palisade Wall x10 |
| 8:37 | Cattana · wall_segment Palisade Wall x8 |
| 8:39 | avlid · age_up feudal |
| 8:42 | avlid · first_building Archery Range |
| 8:50 | avlid · wall_segment Palisade Wall x5 |
| 8:53 | Cattana · wall_segment Palisade Wall x10 |
| 9:40 | avlid · wall_segment Palisade Wall x8 |
| 10:25 | Cattana · age_up feudal |
| 10:28 | Cattana · first_building Archery Range |
| 15:13 | Cattana · wall_segment Palisade Wall x1 |
| 15:36 | Cattana · wall_segment Palisade Wall x1 |
| 15:37 | Cattana · wall_segment Palisade Wall x1 |
| 17:59 | avlid · first_market_buy 100 food |
| 19:10 | avlid · wall_segment Palisade Wall x1 |
| 19:12 | avlid · wall_segment Palisade Wall x1 |
| 20:03 | Cattana · first_market_sell 100 wood |
| 20:09 | Cattana · first_market_buy 100 food |
| 22:22 | Cattana · age_up castle |
| 22:51 | Cattana · first_building Siege Workshop |
| 22:55 | Cattana · wall_segment Palisade Wall x1 |
| 23:13 | avlid · age_up castle |
| 23:17 | avlid · first_building Siege Workshop |
| 24:56 | avlid · first_market_sell 100 stone |
| 28:33 | Cattana · first_building Stable |
| 29:53 | avlid · first_building Monastery |
| 30:12 | avlid · wall_segment Palisade Wall x1 |
| 30:13 | avlid · wall_segment Palisade Wall x1 |
| 30:13 | avlid · wall_segment Palisade Wall x1 |
| 30:13 | avlid · wall_segment Palisade Wall x1 |
| 30:14 | avlid · wall_segment Palisade Wall x2 |
| 30:14 | avlid · wall_segment Palisade Wall x2 |
| 30:14 | avlid · wall_segment Palisade Wall x2 |
| 30:16 | avlid · wall_segment Palisade Wall x2 |
| 30:16 | avlid · wall_segment Palisade Wall x1 |
| 33:26 | Cattana · resign |
[ AI ANALYSIS · 1 CREDIT ]
What really happened in this match?
Wolo.gg analyzes every decision: build order, eco, micro, common mistakes by bracket. Personalized analysis on WhatsApp or Discord in 30 seconds.
Civ guide
Malay
Perfil
Jugador #10486784